BSA
NASSAU ROCKETS @ EL DORADO OILERS
07/08/2028
 
TOP OF THE 1ST
Nassau Rockets batting - Pitching for El Dorado Oilers : RHP Francisco Ríos
Pitching: RHP Francisco Ríos
Batting: LHB Rafael Delgado 0-0: Ball
1-0: Ball
2-0: Called Strike
2-1: Ball
3-1: Swinging Strike
3-2: Foul Ball, location: 2F
3-2: Foul Ball, location: 2F
3-2: Ground out 5-3 (Groundball, 56S)
Batting: LHB Doug Thompson 0-0: Ball
1-0: Ball
2-0: Ball
3-0: Fly out, F9 (Flyball, 9LSF)
Now in RF: Chris Miller
Batting: LHB Andrew Alvarado 0-0: Ball
1-0: Swinging Strike
1-1: Ground out 2-3 (Groundball, 15S)
Top of the 1st over - 0 run(s), 0 hit(s), 0 error(s), 0 left on base; Nassau 0 - El Dorado 0
BOTTOM OF THE 1ST
El Dorado Oilers batting - Pitching for Nassau Rockets : RHP Jing-xiang Fa
Pitching: RHP Jing-xiang Fa
Batting: RHB Nick Webb 0-0: Ball
1-0: Ball
2-0: Ground out 4-3 (Groundball, 4)
Batting: LHB Ashley Pickhills 0-0: Called Strike
0-1: Ball
1-1: Fly out, F9 (Flyball, 9LDF)
Batting: LHB Tony Abete 0-0: Called Strike
0-1: Ball
1-1: Ball
2-1: Foul Ball, location: 2F
2-2: Ground out 4-3 (Groundball, 4D)
Bottom of the 1st over - 0 run(s), 0 hit(s), 0 error(s), 0 left on base; Nassau 0 - El Dorado 0
TOP OF THE 2ND
Nassau Rockets batting - Pitching for El Dorado Oilers : RHP Francisco Ríos
Batting: LHB Bob Martin 0-0: Ball
1-0: Ball
2-0: Called Strike
2-1: Fly out, F5 (Popup, 56S)
Batting: RHB Salvador Borbón 0-0: Foul Ball, location: 2F
0-1: Swinging Strike
0-2: Ball
1-2: Ball
2-2: Strikes out swinging
Batting: LHB Wilson Allen 0-0: Foul Ball, location: 2F
0-1: Ball
1-1: Ball
2-1: SOLO HOME RUN (Flyball, 9D), Distance : 382 ft
Batting: RHB Pete Harvey 0-0: Swinging Strike
0-1: SINGLE (Groundball, 56D)
Batting: RHB Rubén Matos 0-0: Ball
1-0: Ball
2-0: Foul Ball, location: 2F
2-1: Called Strike
2-2: Foul Ball, location: 2F
2-2: Fielders Choice at 2nd, 5-4 (Groundball, 56)
Top of the 2nd over - 1 run(s), 2 hit(s), 0 error(s), 0 left on base; Nassau 1 - El Dorado 0
BOTTOM OF THE 2ND
El Dorado Oilers batting - Pitching for Nassau Rockets : RHP Jing-xiang Fa
Batting: RHB Valentín Borges 0-0: Called Strike
0-1: Ball
1-1: Swinging Strike
1-2: SOLO HOME RUN (Flyball, 9D), Distance : 395 ft
Batting: LHB José Hernández 0-0: Ground out 3-1 (Groundball, 34S)
Batting: RHB Sixto Vélez 0-0: Called Strike
0-1: Ball
1-1: Called Strike
1-2: Foul Ball, location: 2F
1-2: Ball
2-2: Ball
3-2: Fly out, F2 (Popup, 13S)
Batting: LHB Chris Miller 0-0: Swinging Strike
0-1: Foul Ball, location: 2F
0-2: Ball
1-2: Strikes out swinging
Bottom of the 2nd over - 1 run(s), 1 hit(s), 0 error(s), 0 left on base; Nassau 1 - El Dorado 1
TOP OF THE 3RD
Nassau Rockets batting - Pitching for El Dorado Oilers : RHP Francisco Ríos
Batting: SHB Edgardo Osorio 0-0: Ball
1-0: Ball
2-0: SINGLE (Groundball, 34D)
Batting: LHB Rafael Delgado 0-0: Called Strike
Edgardo Osorio steals 2nd base
0-1: Called Strike
0-2: Foul Ball, location: 2F
0-2: Ball
1-2: Fly out, F7 (Flyball, 7LS)
Batting: LHB Doug Thompson 0-0: Foul Ball, location: 2F
0-1: Foul Ball, location: 2F
0-2: DOUBLE (Groundball, 3L)
Edgardo Osorio scores
Batting: LHB Andrew Alvarado 0-0: Called Strike
0-1: Foul Ball, location: 2F
0-2: SINGLE (Line Drive, 7S)
Doug Thompson to third
Batting: LHB Bob Martin 0-0: Called Strike
0-1: Ball
1-1: Swinging Strike
1-2: 3-RUN HOME RUN (Line Drive, 9LD), Distance : 379 ft
Batting: RHB Salvador Borbón 0-0: Called Strike
0-1: Foul Ball, location: 2F
0-2: Strikes out looking
Batting: LHB Wilson Allen 0-0: Ball
1-0: Ball
2-0: Ball
3-0: Called Strike
3-1: Called Strike
3-2: Ground out 6-3 (Groundball, 6M)
Top of the 3rd over - 4 run(s), 4 hit(s), 0 error(s), 0 left on base; Nassau 5 - El Dorado 1
BOTTOM OF THE 3RD
El Dorado Oilers batting - Pitching for Nassau Rockets : RHP Jing-xiang Fa
Batting: RHB José Carlos Caraballo 0-0: Fly out, F8 (Flyball, 8LS)
Batting: LHB José Martínez 0-0: Foul Ball, location: 2F
0-1: Ball
1-1: SINGLE (Groundball, 56) (infield hit)
Batting: RHB Nick Webb 0-0: Foul Ball, location: 2F
0-1: Ground out 3-1 (Groundball, 34S)
José Martínez to second
Batting: LHB Ashley Pickhills 0-0: Ball
1-0: SINGLE (Groundball, 56D)
José Martínez to third
Runner from 3rd tries for Home, SAFE, no throw
Batting: LHB Tony Abete 0-0: Called Strike
0-1: Called Strike
0-2: Foul Ball, location: 2F
0-2: Ball
1-2: Ball
2-2: Strikes out looking
Bottom of the 3rd over - 1 run(s), 2 hit(s), 0 error(s), 1 left on base; Nassau 5 - El Dorado 2
TOP OF THE 4TH
Nassau Rockets batting - Pitching for El Dorado Oilers : RHP Francisco Ríos
Batting: RHB Pete Harvey 0-0: Ball
1-0: Called Strike
1-1: Foul Ball, location: 2F
1-2: Foul Ball, location: 2F
1-2: Foul Ball, location: 2F
1-2: Ball
2-2: Strikes out swinging
Batting: RHB Rubén Matos 0-0: Ball
1-0: Fly out, F5 (Popup, 56)
Batting: SHB Edgardo Osorio 0-0: Swinging Strike
0-1: Ball
1-1: Called Strike
1-2: Strikes out looking
Top of the 4th over - 0 run(s), 0 hit(s), 0 error(s), 0 left on base; Nassau 5 - El Dorado 2
BOTTOM OF THE 4TH
El Dorado Oilers batting - Pitching for Nassau Rockets : RHP Jing-xiang Fa
Batting: RHB Valentín Borges 0-0: Ball
1-0: Ground out 5-3 (Groundball, 56)
Batting: LHB José Hernández 0-0: Ball
1-0: DOUBLE (Line Drive, 9D)
Batting: RHB Sixto Vélez 0-0: Foul Ball, location: 2F
0-1: Hit by Pitch
Batting: LHB Chris Miller 0-0: Ball
1-0: SINGLE (Groundball, 34D)
José Hernández to third
Sixto Vélez to second
Runner from 3rd tries for Home, SAFE, throw made home
Sixto Vélez to third
Chris Miller to second
Batting: RHB José Carlos Caraballo 0-0: Called Strike
0-1: Ground out U3 (Groundball, 34)
Sixto Vélez scores
Chris Miller to third
Batting: LHB José Martínez 0-0: Called Strike
0-1: Foul Ball, location: 2F
0-2: Ball
1-2: Ball
2-2: SINGLE (Line Drive, 4D)
Chris Miller scores
Batting: RHB Nick Webb Pickoff Throw to First - Out!
Bottom of the 4th over - 3 run(s), 3 hit(s), 0 error(s), 0 left on base; Nassau 5 - El Dorado 5
TOP OF THE 5TH
Nassau Rockets batting - Pitching for El Dorado Oilers : RHP Francisco Ríos
Batting: LHB Rafael Delgado 0-0: Ground out 1-3 (Groundball, 13S)
Batting: LHB Doug Thompson 0-0: Ball
1-0: Ball
2-0: Called Strike
2-1: Ball
3-1: Fly out, F9 (Flyball, 9S)
Batting: LHB Andrew Alvarado 0-0: Ball
1-0: Ground out 5-3 (Groundball, 56S)
Top of the 5th over - 0 run(s), 0 hit(s), 0 error(s), 0 left on base; Nassau 5 - El Dorado 5
BOTTOM OF THE 5TH
El Dorado Oilers batting - Pitching for Nassau Rockets : RHP Jing-xiang Fa
Pitching: RHP Bill Sampson
Batting: RHB Nick Webb 0-0: Foul Ball, location: 2F
0-1: Ball
1-1: Ground out 4-3 (Groundball, 4S)
Batting: LHB Ashley Pickhills 0-0: Ball
1-0: Ball
2-0: Ball
3-0: Called Strike
3-1: Called Strike
3-2: Foul Ball, location: 2F
3-2: Foul Ball, location: 2F
3-2: Base on Balls
Batting: LHB Tony Abete 0-0: Ball
1-0: Ball
2-0: Called Strike
2-1: Called Strike
2-2: Fly out, F8 (Flyball, 8LXD)
Batting: RHB Valentín Borges 0-0: Foul Ball, location: 2F
0-1: Ball
1-1: Ball
2-1: Ball
3-1: Fly out, F8 (Flyball, 89M)
Bottom of the 5th over - 0 run(s), 0 hit(s), 0 error(s), 1 left on base; Nassau 5 - El Dorado 5
TOP OF THE 6TH
Nassau Rockets batting - Pitching for El Dorado Oilers : RHP Francisco Ríos
Pitching: RHP Pete Cook
Batting: LHB Bob Martin 0-0: Ball
1-0: Ground out 1-3 (Groundball, 13S)
Batting: RHB Salvador Borbón 0-0: Ball
1-0: Foul Ball, location: 2F
1-1: Swinging Strike
1-2: Ball
2-2: Ball
3-2: Base on Balls
Batting: LHB Wilson Allen 0-0: Ball
1-0: Swinging Strike
1-1: Foul Ball, location: 2F
1-2: DOUBLE (Line Drive, 8LD)
Salvador Borbón to third
Batting: RHB Pete Harvey 0-0: Ball
1-0: Swinging Strike
1-1: Swinging Strike
1-2: Strikes out swinging
Batting: RHB Rubén Matos 0-0: SINGLE (Line Drive, 9S)
Salvador Borbón scores
Wilson Allen to third
Runner from 3rd tries for Home, SAFE, no throw
Batting: SHB Edgardo Osorio 0-0: Fly out, F9 (Flyball, 9S)
Top of the 6th over - 2 run(s), 2 hit(s), 0 error(s), 1 left on base; Nassau 7 - El Dorado 5
BOTTOM OF THE 6TH
El Dorado Oilers batting - Pitching for Nassau Rockets : RHP Bill Sampson
Batting: LHB José Hernández 0-0: Called Strike
0-1: Foul Ball, location: 2F
0-2: Fly out, F9 (Flyball, 89S)
Batting: RHB Sixto Vélez 0-0: Swinging Strike
0-1: Fly out, F7 (Flyball, 7)
Batting: LHB Chris Miller 0-0: Ground out 3-1 (Groundball, 34S)
Bottom of the 6th over - 0 run(s), 0 hit(s), 0 error(s), 0 left on base; Nassau 7 - El Dorado 5
TOP OF THE 7TH
Nassau Rockets batting - Pitching for El Dorado Oilers : RHP Pete Cook
Batting: LHB Rafael Delgado 0-0: Ball
1-0: Called Strike
1-1: Ball
2-1: Foul Ball, location: 2F
2-2: Ball
3-2: Foul Ball, location: 2F
3-2: Foul Ball, location: 2F
3-2: Base on Balls
Batting: LHB Doug Thompson 0-0: Ball
Rafael Delgado steals 2nd base
1-0: SINGLE (Groundball, 3D)
Rafael Delgado to third
Runner from 3rd tries for Home, SAFE, no throw
Pitching: RHP Craig Draper
Batting: LHB Andrew Alvarado 0-0: Called Strike
0-1: Ball
1-1: Foul Ball, location: 2F
1-2: Foul Ball, location: 2F
1-2: Ball
2-2: Foul Ball, location: 2F
2-2: Ball
3-2: Foul Ball, location: 2F
3-2: Fly out, F9 (Line Drive, 9D)
Batting: LHB Bob Martin 0-0: Ball
1-0: Ball
2-0: Called Strike
2-1: Foul Ball, location: 2F
2-2: Foul Ball, location: 2F
2-2: Foul Ball, location: 2F
2-2: Ball
3-2: Fly out, F7 (Flyball, 7LM)
Batting: RHB Salvador Borbón 0-0: Ball
1-0: Called Strike
1-1: Ball
2-1: Fly out, F7 (Flyball, 7D)
Top of the 7th over - 1 run(s), 1 hit(s), 0 error(s), 1 left on base; Nassau 8 - El Dorado 5
BOTTOM OF THE 7TH
El Dorado Oilers batting - Pitching for Nassau Rockets : RHP Bill Sampson
Batting: RHB José Carlos Caraballo 0-0: DOUBLE (Flyball, 9D)
Batting: LHB José Martínez 0-0: Called Strike
0-1: Swinging Strike
0-2: Strikes out swinging
Batting: RHB Nick Webb 0-0: Ball
1-0: Ball
2-0: Fly out, F8 (Flyball, 8RD)
Runner from 2nd tags up, SAFE at 3rd, no throw
Pitching: LHP Gianluigi Ciottone
Batting: LHB Ashley Pickhills 0-0: Called Strike
0-1: Foul Ball, location: 2F
0-2: Ball
1-2: Foul Ball, location: 2F
1-2: Foul Ball, location: 2F
1-2: Strikes out looking
Bottom of the 7th over - 0 run(s), 1 hit(s), 0 error(s), 1 left on base; Nassau 8 - El Dorado 5
TOP OF THE 8TH
Nassau Rockets batting - Pitching for El Dorado Oilers : RHP Craig Draper
Batting: LHB Wilson Allen 0-0: Foul Ball, location: 2F
0-1: Foul Ball, location: 2F
0-2: Ball
1-2: Strikes out looking
Batting: RHB Pete Harvey 0-0: Ball
1-0: Ball
2-0: Called Strike
2-1: Ball
3-1: Base on Balls
Batting: RHB Rubén Matos 0-0: Ground out 5-3 (Groundball, 56)
Pete Harvey to second
Batting: SHB Edgardo Osorio 0-0: SINGLE (Groundball, 34D)
Pete Harvey to third
Runner from 3rd tries for Home, SAFE, throw made home
Edgardo Osorio to second
Batting: LHB Rafael Delgado 0-0: Ball
1-0: Foul Ball, location: 2F
1-1: Ball
2-1: Ball
3-1: Called Strike
3-2: Base on Balls
Batting: LHB Doug Thompson 0-0: Called Strike
0-1: Fly out, F9 (Line Drive, 9)
Top of the 8th over - 1 run(s), 1 hit(s), 0 error(s), 2 left on base; Nassau 9 - El Dorado 5
BOTTOM OF THE 8TH
El Dorado Oilers batting - Pitching for Nassau Rockets : LHP Gianluigi Ciottone
Pitching: RHP Juan Franco
Batting: LHB Tony Abete 0-0: Called Strike
0-1: Ball
1-1: Ball
2-1: Ball
3-1: Foul Ball, location: 2F
3-2: Base on Balls
Batting: RHB Valentín Borges 0-0: Called Strike
0-1: Ball
1-1: Fly out, F4 (Line Drive, 4M)
Batting: LHB José Hernández 0-0: Called Strike
0-1: Grounds into double play, 4-6-3 (Groundball, 34)
Bottom of the 8th over - 0 run(s), 0 hit(s), 0 error(s), 0 left on base; Nassau 9 - El Dorado 5
TOP OF THE 9TH
Nassau Rockets batting - Pitching for El Dorado Oilers : RHP Craig Draper
Batting: LHB Andrew Alvarado 0-0: Ball
1-0: Foul Ball, location: 2F
1-1: Foul Ball, location: 2F
1-2: Ball
2-2: Ball
3-2: SOLO HOME RUN (Flyball, 89XD), Distance : 407 ft
Batting: LHB Bob Martin 0-0: Ball
1-0: Ball
2-0: Fly out, F7 (Flyball, 7LS)
Pitching: RHP Rick Grant
Batting: RHB Salvador Borbón 0-0: Called Strike
0-1: Swinging Strike
0-2: Strikes out swinging
Batting: LHB Wilson Allen 0-0: Ball
1-0: Called Strike
1-1: Ground out 4-3 (Groundball, 4D)
Top of the 9th over - 1 run(s), 1 hit(s), 0 error(s), 0 left on base; Nassau 10 - El Dorado 5
BOTTOM OF THE 9TH
El Dorado Oilers batting - Pitching for Nassau Rockets : RHP Juan Franco
Batting: RHB Sixto Vélez 0-0: Called Strike
0-1: Ball
1-1: Called Strike
1-2: Strikes out looking
Batting: LHB Chris Miller 0-0: Ball
1-0: Ball
2-0: Called Strike
2-1: Called Strike
2-2: Foul Ball, location: 2F
2-2: Ball
3-2: Foul Ball, location: 2F
3-2: Ground out 4-3 (Groundball, 4S)
Batting: RHB José Carlos Caraballo 0-0: Ball
1-0: Called Strike
1-1: Foul Ball, location: 2F
1-2: Ground out 6-3 (Groundball, 6)
Bottom of the 9th over - 0 run(s), 0 hit(s), 0 error(s), 0 left on base; Nassau 10 - El Dorado 5
Tuesday, August 8th, 2017 - OOTP Baseball 17.12 Build 75